 Dungeon Crawl Stone Soup version 0.14-a0-2019-gd9bc7f0 (webtiles) character file.

329 Faustar the Caller (level 5, 0/35 HPs)
             Began as a Vampire Summoner on Jan 19, 2014.
             Slain by an orc wizard
             ... wielding a +1,+2 orcish morningstar of crushing
              (1 damage)
             ... on Level 4 of the Dungeon.
             The game lasted 00:21:36 (4089 turns).

Faustar the Caller (Vampire Summoner)               Turns: 4089, Time: 00:21:37

HP   0/35        AC  3     Str  7      XL: 5   Next: 49%
MP   5/13        EV 12     Int 18      God:
Gold 129         SH  0     Dex 14      Spells:  3 memorised,  7 levels left

rFire  . . .     SeeInvis +     (no weapon)
rCold  . . .     Clarity  .     a - +0 robe
rNeg   + . .     Conserve .     (no shield)
rPois  .         rCorr    .     (no helmet)
rElec  .         rRot     .     m - +0 cloak
SustAb . .       Spirit   .     (no gloves)
rMut   .         Warding  .     (no boots)
Saprov . . .     Stasis   .     (no amulet)
MR     .....                    (no ring)
                                (no ring)

@: very slightly contaminated, not resistant to hostile enchantments, stealthy
A: fangs 3, see invisible, unbreathing
a: Bat Form


You were on level 4 of the Dungeon.
You were not thirsty.

You visited 1 branch of the dungeon, and saw 4 of its levels.

You collected 129 gold pieces.

Inventory:

Armour
 a - a +0 robe (worn)
 m - a +0 cloak (worn)
Scrolls
 c - a scroll of teleportation {unknown}
 d - 5 scrolls of identify {unknown}
 e - a scroll of blinking {unknown}
 g - 2 scrolls of immolation {unknown}
 i - a scroll of curse armour {unknown}
 j - 2 scrolls of fear {unknown}
 k - 2 scrolls of noise {unknown}
 l - 2 scrolls of remove curse {unknown}
 n - 3 scrolls of enchant weapon II {unknown}
 o - 2 scrolls of curse jewellery {unknown}
 p - a scroll of amnesia {unknown}
 r - 3 scrolls of random uselessness {unknown}
 s - a scroll of fog {unknown}
 t - 2 scrolls of curse weapon {unknown}
 u - 2 scrolls of magic mapping {unknown}
Jewellery
 q - an uncursed ring of protection from magic {unknown}
Potions
 f - a potion of agility {unknown}
 h - a potion of heal wounds
 v - a potion of curing
Books
 b - a book of Callings

   Spells                             Type                      Level
   *Summon Small Mammal               Summoning                    1
   *Call Imp                          Summoning                    2
   *Call Canine Familiar              Summoning                    3
   Summon Scorpions                   Summoning/Poison             4
   Summon Ice Beast                   Ice/Summoning                4
 w - a book of the Tempests

   Spells                             Type                      Level
   Static Discharge                   Conjuration/Air              3
   Lightning Bolt                     Conjuration/Air              5
   Fireball                           Conjuration/Fire             5
   Tornado                            Air                          9
   Shatter                            Earth                        9


   Skills:
 - Level 2.1 Dodging
 - Level 3.0 Stealth
 * Level 4.5 Spellcasting
 + Level 5.0 Summonings


You had 7 spell levels left.
You knew the following spells:

 Your Spells              Type           Power        Failure   Level  Hunger
a - Summon Small Mammal   Summ           ###.         1%          1    None
b - Call Imp              Summ           ###.......   2%          2    #......
c - Call Canine Familiar  Summ           ###.......   6%          3    ###....


Dungeon Overview and Level Annotations

Branches:
Dungeon (4/16)
 Temple: D:4-7

Altars:

Annotations:
D:3 Crazy Yiuf


Innate Abilities, Weirdness & Mutations

You have razor-sharp teeth.*
You have supernaturally acute eyesight.
You can survive without breathing.*


Message History

The orc throws a poisoned dart.
The poisoned dart hits your hound.
You barely miss the orc wizard. Your bite misses the orc wizard.
The orc wizard is severely wounded.
The orc wizard barely misses you.
The orc throws a poisoned dart.
The poisoned dart hits your hound.
The orc wizard hits you with a runed orcish morningstar.
Casting: Call Canine Familiar
Confirm with . or Enter, or press ? or * to list all spells.
Your hound disappears in a puff of smoke!
The orc wizard hits you with a runed orcish morningstar.
* * * LOW HITPOINT WARNING * * *
You barely miss the orc wizard.
The orc wizard is severely wounded.
The orc wizard hits you with a runed orcish morningstar.
* * * LOW HITPOINT WARNING * * *
You closely miss the orc wizard.
The orc wizard is severely wounded.
The orc wizard hits you with a runed orcish morningstar.
* * * LOW HITPOINT WARNING * * *
You die...

...# #.# ...# #.#
...# #.# ...# #.#
...# #.# ...# #.#
...# #.#
...#############h#
..()((....o((.(o@#
################)#
#.# #.# #.#
################.#
..o...%.o........#
.................#
#...............(#


You could see an orc wizard, an orc and a friendly hound.

Vanquished Creatures
  3 orcs
  3 bats (D:1)
  A hobgoblin (D:1)
  A goblin (D:2)
  A kobold (D:1)
  3 rats
12 creatures vanquished.

Vanquished Creatures (collateral kills)
  A hound (D:4)
  3 worker ants (D:4)
  2 orc priests
  An orc wizard (D:4)
  6 adders
  2 giant geckos
  2 oozes
  12 orcs
  A ball python (D:1)
  7 goblins
  4 hobgoblins
  3 jackals (D:1)
  12 kobolds
  2 quokkas (D:2)
  6 bats
  A giant cockroach (D:2)
  A giant gecko skeleton (D:4)
  4 giant newts
  A goblin skeleton (D:4)
  An orc skeleton (D:4)
  7 rats
79 creatures vanquished.

Vanquished Creatures (others)
  7 crimson imps
  A hound (D:4)
  A shadow imp (D:3)
  5 white imps
  2 grey rats
  A quokka (D:3)
  5 bats (D:1)
  4 rats
26 creatures vanquished.

Grand Total: 117 creatures vanquished

Notes
Turn   | Place    | Note
--------------------------------------------------------------
     0 | D:1      | Faustar, the Vampire Summoner, began the quest for the Orb.
     0 | D:1      | Reached XP level 1. HP: 13/13 MP: 3/3
   211 | D:1      | Reached XP level 2. HP: 16/19 MP: 1/5
   215 | D:1      | Learned a level 2 spell: Call Imp
  1084 | D:2      | Reached XP level 3. HP: 24/24 MP: 1/6
  2064 | D:3      | Reached XP level 4. HP: 12/30 MP: 6/10
  2531 | D:3      | Noticed Crazy Yiuf
  2671 | D:2      | Learned a level 3 spell: Call Canine Familiar
  3509 | D:4      | Reached XP level 5. HP: 22/35 MP: 1/13
  3687 | D:4      | Noticed an ogre
  3875 | D:4      | Reached skill level 5 in Summonings
  4089 | D:4      | HP: 1/35 [orc wizard/runed orcish morningstar (1)]
  4089 | D:4      | Slain by an orc wizard

Action                   |  1- 3 |  4- 6 || total
-------------------------+-------+-------++-------
Melee: Unarmed           |   134 |    51 ||   185
 Cast: Summon Small Mamm |    27 |     9 ||    36
       Call Imp          |    48 |    64 ||   112
       Call Canine Famil |       |    13 ||    13
 Abil: End Transformatio |       |     1 ||     1
       Bat Form          |       |     1 ||     1
  Use: Potion            |     1 |     2 ||     3
 Stab: Sleeping          |     3 |       ||     3
